 Dungeon Crawl Stone Soup version 0.30.1-9-gdf580d7c3d (webtiles) character file.

Game seed: 13602768789895105617

32062 coolio the Destroyer (level 13, -14/79 HPs)
             Began as a Demonspawn Earth Elementalist on Oct 10, 2023.
             Was an Elder of Vehumet.
             Demolished by a death yak (18 damage)
             ... on level 4 of the Lair of Beasts.
             The game lasted 00:29:35 (19381 turns).

coolio the Destroyer (DsEE)                        Turns: 19381, Time: 00:29:36

Health: -14/79     AC: 10    Str:  8    XL:     13   Next: 29%
Magic:  14/26      EV: 17    Int: 27    God:    Vehumet [****..]
Gold:   466        SH:  0    Dex: 18    Spells: 23/30 levels left

rFire   . . .        e - staff of conjuration
rCold   . . .        (no shield)
rNeg    + . .        a - +0 robe
rPois   .            k - +2 helmet
rElec   .            (no cloak)
rCorr   +            (no gloves)
SInv    .            E - +1 pair of boots of Youthful Indiscretion {rN+ Dex+3}
Will    .....        (no amulet)
Stlth   ++           g - +6 ring of intelligence
HPRegen 0.33/turn    n - ring of resist corrosion
MPRegen 0.20/turn

%: no passive effects
@: about to teleport
A: molten scales 2, powered by pain 2, spiny 1, weakness stinger 1
a: Renounce Religion


You were on level 4 of the Lair of Beasts.
You worshipped Vehumet.
Vehumet was greatly pleased with you.
You visited 3 branches of the dungeon, and saw 19 of its levels.
You also visited: Sewer and Bailey.

You collected 1013 gold pieces.
You spent 547 gold pieces at shops.

Inventory:

Hand Weapons
 c - a +0 spear
 I - the +2 sling of the Vendetta {freeze, rN+ Str+5 Dex-4 SInv}
   (You bought it in a shop on level 11 of the Dungeon)

   Str:       It affects your strength (+5).
   Dex:       It affects your dexterity (-4).
   rN:        It protects you from negative energy.
   SInv:      It lets you see invisible.
Missiles
 j - 2 throwing nets
 s - 2 curare-tipped darts
Armour
 a - a +0 robe (worn)
 k - a +2 helmet (worn)
 z - the +0 cloak "Bedwae" {Regen+ rCorr Str-5 Slay+2}
   (You found it in a bailey)

   Str:       It affects your strength (-5).
   Slay:      It affects your accuracy & damage with ranged weapons and melee
   (+2).
   Regen:     It increases your rate of health regeneration.
   rCorr:     It protects you from acid and corrosion.
 E - the +1 pair of boots of Youthful Indiscretion (worn) {rN+ Dex+3}
   (You found it on level 9 of the Dungeon)

   Dex:       It affects your dexterity (+3).
   rN:        It protects you from negative energy.
Magical Staves
 e - a staff of conjuration (weapon)
 x - the staff of fire "Epnalit" {rF+ Int+3 Stlth+}
   (You found it in a bailey)

   [staff of fire]

   Base accuracy: +5 Base damage: 5 Base attack delay: 1.2 This weapon's minimum
   attack delay (0.6) is reached at skill level 12.
   Int:       It affects your intelligence (+3).
   rF:        It protects you from fire.
   Stlth:     It makes you more stealthy.
   It falls into the 'Staves' category.
   It is a one-handed weapon.
Jewellery
 b - a +6 ring of dexterity
 g - a +6 ring of intelligence (left hand)
 n - a ring of resist corrosion (right hand)
 M - a ring of protection from fire
Wands
 d - a wand of digging (8)
 w - a wand of iceblast (3)
 J - a wand of mindburst (5)
 P - a wand of flame (7)
Scrolls
 f - 4 scrolls of enchant weapon
 i - 7 scrolls of poison
 p - 2 scrolls of fog
 q - 5 scrolls of immolation
 r - 4 scrolls of teleportation
 u - 2 scrolls of noise
 y - 3 scrolls of amnesia
 A - 2 scrolls of vulnerability
 B - 3 scrolls of enchant armour
 D - a scroll of brand weapon
 G - 2 scrolls of blinking {unknown}
 H - a scroll of silence {unknown}
 L - a scroll of magic mapping
 O - a scroll of identify
Potions
 h - 4 potions of mutation
 l - 2 potions of curing
 m - 7 potions of flight
 t - 3 potions of magic
 v - 3 potions of attraction
 C - a potion of might {unknown}
 F - a potion of resistance {unknown}
 K - 12 potions of ambrosia


   Skills:
 + Level 8.9 Dodging
 - Level 1.7 Stealth
 + Level 9.0 Spellcasting
 * Level 13.2 Conjurations
 - Level 0.8 Transmutations
 * Level 12.6 Earth Magic


You had 23 spell levels left.
You knew the following spells:

 Your Spells              Type           Power      Damage    Failure   Level
a - Sandblast             Erth           100%       2d20      1%          1
b - Stone Arrow           Conj/Erth      100%       3d13      1%          3
c - Swiftness             Air            12%        N/A       14%         3

Your spell library contained the following spells:

 Spells                   Type           Power      Damage    Failure   Level
 Yara's Violent Unravell  Hex/Tmut       7%         3d5       28%         5
 Magic Dart               Conj           100%       1d8       0%          1
 Passwall                 Tmut/Erth      40%        N/A       1%          2
 Searing Ray              Conj           100%       2d8       1%          2
 Fulminant Prism          Conj/Hex       32%        3d16      1%          4
 Petrify                  Tmut/Erth      48%        N/A       3%          4
 Wereblood                Tmut           16%        N/A       4%          2
 Ensorcelled Hibernation  Hex/Ice        24%        N/A       7%          2
 Sublimation of Blood     Necr           12%        N/A       7%          2
 Anguish                  Hex/Necr       6%         N/A       43%         4
 Cause Fear               Hex            6%         N/A       43%         4
 Enfeeble                 Hex            6%         N/A       100%        7
 Summon Hydra             Summ           6%         N/A       100%        7


Dungeon Overview and Level Annotations

Branches:
Dungeon (14/15)            Temple (1/1) D:5            Lair (4/5) D:11
 Shoals (0/4) Lair:2        Snake (0/4) Lair:3          Orc (0/2) D:9
  Sewer (visited)          Bailey (visited)
  Slime: Lair:4-5    Vaults: D:13-14

Altars:
Ashenzari
Cheibriados
Dithmenos
Fedhas
Gozag
Hepliaklqana
Kikubaaqudgha
Makhleb
Nemelex Xobeh
Okawaru
Qazlal
Ru
Sif Muna
Trog
Uskayaw
Vehumet
Wu Jian
Xom
Yredelemnul

Shops:
D:2 [   D:3 [*(?   D:11 (

Annotations:
Lair:4 Nessos


Innate Abilities, Weirdness & Mutations

You are mostly covered in molten scales. (AC +3)
You sometimes gain power by taking damage.
You are partially covered in sharp spines.
You have a small tail.


Message History

Nessos gibbers meaninglessly.
Nessos casts a spell.
Nessos blinks!
Your surroundings suddenly seem different.
A death yak and a komodo dragon come into view.
Found a stone staircase leading down and a stone staircase leading up.
Unknown command.
A dream sheep comes into view.
The komodo dragon hisses angrily.
As you read the scroll of teleportation, it crumbles to dust.
You feel strangely unstable.
The komodo dragon attacks as you move away!
The komodo dragon is struck by your spines.
The komodo dragon bites you!!
* * * LOW HITPOINT WARNING * * *
Okay, then.
The komodo dragon attacks as you move away!
The komodo dragon misses you.
Okay, then.
Unknown command.
Your surroundings suddenly seem different. 5 death yaks come into view.
The death yak bellows! x4
Unknown command.
Unknown command.
As you read the scroll of fear, it crumbles to dust.
You assume a fearsome visage.
The death yak looks frightened! x2
The death yak easily resists.
The death yak bellows!
The death yak easily resists.
The death yak looks frightened! x2
The komodo dragon looks frightened!
Unknown command.
As you read the scroll of teleportation, it crumbles to dust.
You feel strangely unstable. The death yak is struck by your spines.
The death yak misses you. The death yak barely misses you.
As you read the scroll of fear, it crumbles to dust.
You assume a fearsome visage.
The death yak resists with almost no effort.
The death yak looks frightened!
The death yak gores you!!
You die...

#........#.##
#.#........#
#.........#..
#.#..>...#..#
#..#..#.P.# #
#.##.....P#
#..##..#.###
##P.P#..#..#
#@Y...<...##
#Y..Y.....#
.Y..##.##
##..## #..#
#YY# P...
....


You could see 6 death yaks.

Vanquished Creatures
  Rupert (Lair:3)
  A hydra (D:9)
  A centaur warrior (D:9)
  A boulder beetle (D:9)
  2 two-headed ogres
  4 death yaks (Lair:3)
  3 orc knights
  3 oklob plants
  3 cyclopes
  2 manticores
  2 ugly things
  2 black mambas
  8 cane toads
  2 rime drakes (Lair:1)
  Maggie (D:6)
  A gargoyle (D:13)
  An unseen horror (D:11)
  4 komodo dragons
  A tengu conjurer (D:13)
  6 trolls
  A queen bee (Lair:2)
  A polar bear (Lair:2)
  5 blink frogs (Lair:3)
  Grinder (D:4)
  Sigmund (D:6)
  A shadow (D:11)
  2 basilisks
  25 yaks
  Grum (Lair:1)
  3 wraiths
  4 wyverns
  5 nagas (Lair:3)
  An acid dragon (D:11)
  3 water moccasins
  6 orc warriors
  A black bear (Lair:3)
  A sky beast (D:8)
  3 wolves (Lair:1)
  2 ogres (D:7)
  A centaur (D:8)
  A phantom (D:5)
  A kobold brigand (D:9)
  10 bullfrogs
  3 gnoll sergeants
  2 scorpions
  18 wights
  26 killer bees (Lair:2)
  3 howler monkeys
  An electric eel (Lair:2)
  6 jellies
  5 hounds
  5 orc priests
  2 gnoll boudas
  A sleepcap (D:5)
  3 iguanas
  8 orc wizards
  34 gnolls
  3 river rats
  5 adders
  3 ufetubi
  2 worms
  3 dart slugs
  47 orcs
  6 bats
  16 endoplasms
  9 giant cockroaches
  5 goblins
  7 hobgoblins
  5 jackals
  9 quokkas
  10 ball pythons
  3 frilled lizards
  5 kobolds
  9 rats
393 creatures vanquished.

Vanquished Creatures (others)
  5 dream sheep (D:3)
5 creatures vanquished.

Grand Total: 398 creatures vanquished

Notes
Turn   | Place    | Note
-------+----------+-------------------------------------------
     0 | D:1      | coolio the Demonspawn Earth Elementalist began the quest
                  | for the Orb.
     0 | D:1      | Reached XP level 1. HP: 13/13 MP: 3/3
   259 | D:1      | Gained mutation: You are partially covered in molten
                  | scales. (AC +2) [demonic ancestry]
   259 | D:1      | Reached XP level 2. HP: 19/19 MP: 3/5
   923 | D:2      | Gained mutation: You are mostly covered in molten scales.
                  | (AC +3) [demonic ancestry]
   923 | D:2      | Reached XP level 3. HP: 24/24 MP: 4/6
   927 | D:2      | Learned a level 3 spell: Stone Arrow
  1348 | D:2      | Reached skill level 1 in Conjurations
  1357 | D:2      | HP: 1/36 [poisoned by a gnoll]
  1802 | D:2      | Found Vihucor's Armour Shoppe.
  1939 | D:3      | Reached XP level 4. HP: 30/30 MP: 5/7
  2072 | D:3      | Found Bybehy's Antique Weapon Emporium.
  2141 | D:3      | Found Xutsary's Magic Scroll Emporium.
  2149 | D:3      | Bought a scroll of identify for 28 gold pieces
  2155 | D:3      | Found a blossoming altar of Fedhas.
  2352 | D:3      | Found Boej's Armour Shoppe.
  2440 | D:3      | Noticed a dream sheep
  2440 | D:3      | Noticed a dream sheep
  2440 | D:3      | Noticed a dream sheep
  2440 | D:3      | Noticed a dream sheep
  2440 | D:3      | Noticed a dream sheep
  2440 | D:3      | Found a shimmering altar of Xom.
  2444 | D:3      | Killed a dream sheep
  2444 | D:3      | Killed a dream sheep
  2444 | D:3      | Killed a dream sheep
  2446 | D:3      | Killed a dream sheep
  2446 | D:3      | Killed a dream sheep
  2472 | D:3      | Found an iron altar of Okawaru.
  2563 | D:3      | Found a stormy altar of Qazlal.
  2590 | D:3      | Found Xudad's General Store.
  2599 | D:3      | Bought a scroll of teleportation for 30 gold pieces
  3056 | D:4      | Reached skill level 2 in Conjurations
  3072 | D:4      | Reached XP level 5. HP: 21/35 MP: 1/9
  3314 | D:4      | Found a glowing drain.
  3357 | Sewer    | Entered a sewer
  3552 | Sewer    | Gained mutation: You are partially covered in sharp spines.
                  | [demonic ancestry]
  3552 | Sewer    | Reached XP level 6. HP: 41/41 MP: 8/10
  3581 | Sewer    | Reached skill level 3 in Conjurations
  3766 | Sewer    | Found a shimmering altar of Xom.
  3962 | D:4      | Found a snail-covered altar of Cheibriados.
  4184 | D:4      | Found a broken altar of Ashenzari.
  4484 | D:4      | Noticed Grinder
  4488 | D:4      | Killed Grinder
  4489 | D:4      | Reached skill level 4 in Conjurations
  4489 | D:4      | Reached skill level 5 in Earth Magic
  4489 | D:4      | Gained mutation: You sometimes gain a little power by
                  | taking damage. [demonic ancestry]
  4489 | D:4      | Reached XP level 7. HP: 40/46 MP: 8/12
  4524 | D:4      | Found a basalt altar of Yredelemnul.
  4599 | D:4      | Found a bloodstained altar of Trog.
  4683 | D:5      | Entered Level 5 of the Dungeon
  4990 | D:5      | Found a staircase to the Ecumenical Temple.
  5006 | Temple   | Entered the Ecumenical Temple
  5028 | D:5      | Reached XP level 8. HP: 50/52 MP: 1/13
  5137 | D:5      | Reached skill level 5 in Conjurations
  5580 | D:5      | Found a burning altar of Makhleb.
  5580 | D:5      | Noticed a balrug
  5770 | D:6      | Noticed a troll
  5775 | D:6      | Killed a troll
  5866 | D:6      | Noticed Maggie
  5874 | D:6      | Noticed Sigmund
  5879 | D:6      | Killed Maggie
  5880 | D:6      | Reached skill level 6 in Conjurations
  5881 | D:6      | Killed Sigmund
  5882 | D:6      | Gained mutation: You sometimes gain power by taking damage.
                  | [demonic ancestry]
  5882 | D:6      | Reached XP level 9. HP: 37/57 MP: 3/16
  6911 | D:7      | Reached skill level 5 in Spellcasting
  7175 | D:7      | Found a flagged portal.
  7184 | Bailey   | Entered a bailey
  7196 | Bailey   | Reached skill level 5 in Dodging
  7196 | Bailey   | Reached skill level 7 in Conjurations
  7576 | Bailey   | Noticed an orc knight
  7578 | Bailey   | Noticed an orc knight
  7596 | Bailey   | Killed an orc knight
  7849 | Bailey   | Identified the staff of fire "Epnalit" {rF+ Int+3 Stlth+}
  7851 | Bailey   | Identified the +0 cloak "Bedwae" {Regen+ rCorr Str-5
                  | Slay+2}
  7874 | Bailey   | Killed an orc knight
  7875 | Bailey   | Reached skill level 8 in Conjurations
  8158 | D:7      | Gained mutation: You have a small tail. [demonic ancestry]
  8158 | D:7      | Reached XP level 10. HP: 51/63 MP: 15/18
  8724 | D:8      | Found a sparkling altar of Nemelex Xobeh.
  8888 | D:8      | Found an opulent altar of Gozag.
  9943 | D:9      | Noticed a five-headed hydra
  9945 | D:9      | Noticed a cyclops
  9962 | D:9      | Killed a cyclops
 10068 | D:9      | Killed a five-headed hydra
 10069 | D:9      | Reached skill level 9 in Conjurations
 10127 | D:9      | Noticed a manticore
 10342 | D:9      | Killed a manticore
 10541 | D:9      | Identified the +1 pair of boots of Youthful Indiscretion
                  | {rN+ Dex+3}
 10745 | D:9      | Noticed an orc knight
 10776 | D:9      | Found a hide-covered altar of Uskayaw.
 10781 | D:9      | Noticed a two-headed ogre
 10785 | D:9      | Killed a two-headed ogre
 10786 | D:9      | Reached XP level 11. HP: 68/68 MP: 10/21
 10813 | D:9      | Found a radiant altar of Vehumet.
 10829 | D:9      | Became a worshipper of Vehumet
 10933 | D:9      | Found a staircase to the Orcish Mines.
 11246 | D:9      | Noticed a boulder beetle
 11255 | D:9      | Killed a boulder beetle
 11256 | D:9      | Reached skill level 10 in Conjurations
 11560 | D:9      | Killed an orc knight
 11696 | D:9      | Noticed a centaur warrior
 11705 | D:9      | Killed a centaur warrior
 11706 | D:9      | Reached skill level 10 in Earth Magic
 12039 | D:10     | Entered Level 10 of the Dungeon
 12111 | D:10     | Reached * piety under Vehumet
 12111 | D:10     | Offered knowledge of Kiss of Death by Vehumet.
 13179 | D:11     | Found Joceakur's Antique Weapon Boutique.
 13502 | D:11     | Found a staircase to the Lair.
 13691 | D:11     | Offered knowledge of Poisonous Vapours by Vehumet.
 13692 | D:11     | Reached skill level 11 in Conjurations
 13851 | D:11     | Reached ** piety under Vehumet
 14384 | D:12     | You fall into a shaft and drop 2 floors!
 14518 | D:13     | Noticed a red ugly thing
 14529 | D:13     | Killed a red ugly thing
 14723 | D:13     | Reached XP level 12. HP: 74/74 MP: 16/23
 15051 | D:12     | Noticed a two-headed ogre
 15054 | D:12     | Killed a two-headed ogre
 15263 | D:11     | Bought a faintly glowing whip for 262 gold pieces
 15263 | D:11     | Identified the +5 whip "Igogh" {elec, Int+5} (You bought it
                  | in a shop on level 11 of the Dungeon)
 15264 | D:11     | Bought a translucent sling for 227 gold pieces
 15264 | D:11     | Identified the +2 sling of the Vendetta {freeze, rN+ Str+5
                  | Dex-4 SInv} (You bought it in a shop on level 11 of the
                  | Dungeon)
 15330 | Lair:1   | Entered Level 1 of the Lair of Beasts
 15396 | Lair:1   | Noticed Grum
 15414 | Lair:1   | Killed Grum
 15588 | Lair:1   | Offered knowledge of Frozen Ramparts by Vehumet.
 15909 | Lair:1   | Reached skill level 12 in Conjurations
 16018 | Lair:1   | Found a blossoming altar of Fedhas.
 16523 | Lair:1   | Learned a level 3 spell: Swiftness
 16594 | Lair:2   | Reached *** piety under Vehumet
 16688 | Lair:2   | Offered knowledge of Sticky Flame by Vehumet.
 17365 | Lair:2   | Found a staircase to the Shoals.
 17429 | Lair:2   | You fall into a shaft and drop 1 floor!
 17429 | Lair:3   | Noticed Rupert
 17438 | Lair:3   | Killed Rupert
 17569 | Lair:3   | Reached **** piety under Vehumet
 17716 | Lair:3   | Identified the +12 great sword of Unbearable Punishment
                  | {freeze, *Rage +Blink Dex+7 SInv}
 17825 | Lair:2   | Reached XP level 13. HP: 79/79 MP: 10/25
 18561 | Lair:3   | Reached skill level 13 in Conjurations
 18820 | Lair:3   | Found a staircase to the Snake Pit.
 19215 | Lair:3   | Offered knowledge of Yara's Violent Unravelling by Vehumet.
 19355 | Lair:4   | Noticed Nessos
 19375 | Lair:4   | HP: 2/79 [komodo dragon (18)]
 19381 | Lair:4   | Demolished by a death yak

Illustrated notes

Levels and vault maps discovered:
D:1:      dpeg_arrival_refuge, layout_basic
D:2:      layout_loops_ring, serial_shops, nicolae_shop_waterfront
D:3:      minmay_chambers_of_threes, layout_rooms,
          nicolae_qazlal_eye_of_the_storm, mainiacjoe_overflow_surrounded_room,
          lemuel_coloured_pillars_altar, kb_xom_exploding_sheep, serial_shops,
          nicolae_shop_getting_attention, shop, nicolae_shop_waterfront,
          nicolae_lakefront_shop
D:4:      layout_gridville, slow_altar_1, ashenzari_conservatory_becter,
          mainiacjoe_overflow_two_lobes, gup_sewer_entry_bubbles, uniq_grinder
D:5:      layout_cave_pools, makhleb_altar_promises_db,
          mainiacjoe_overflow_brackets, temple_fountains, corexii_hall_statues_i
D:6:      layout_basic, hangedman_glass_garden, hangedman_decor_opposing,
          uniq_sigmund, uniq_maggie
D:7:      layout_loops_corners, enter_bailey_2, minmay_misc_feat_square
D:8:      layout_layer_cave, amcnicky_altar_gilded,
          nicolae_gozag_cash_rules_everything_around_me, eino_curves_04
D:9:      minmay_the_grid_net [minmay_the_grid_empty, minmay_the_grid_empty,
          minmay_the_grid_plusring, minmay_the_grid_outer_circle,
          minmay_the_grid_armoury, minmay_the_grid_prize_big_room],
          layout_small_grid, mainiacjoe_overflow_catwalk,
          mainiacjoe_overflow_paths
D:10:     layout_basic
D:11:     layout_grid_maze, lair_entry_dummy, nicolae_take_the_stairs,
          nicolae_titane
D:12:     layout_gridville, abandoned_shop, drop_trap
D:13:     layout_small_grid, david_vaults_5, kennysheep_generic_room_2
D:14:     layout_stronghold, grunt_dithmenos_shadows,
          chequers_serial_rivers_small_b, hangedman_abyss_or_decor_stagger
Temple:   hellmonk_temple_micro_hex
Lair:1:   layout_loops_ring, tgw_fedhas, lemuel_fruit_fields, uniq_grum
Lair:2:   layout_roguey [special_room_bee], elwin_shoals_entry_rooms
Lair:3:   layout_loops_ring, minmay_snake_entry_guardpost_large,
          serial_bayou_shore_b, uniq_rupert
Lair:4:   layout_loops_ring, grunt_megastairs_1, uniq_nessos

Skill      XL: |  1  2  3  4  5  6  7  8  9 10 11 12 13 |
---------------+----------------------------------------+-----
Dodging        | 2 3 4 5 6 7 8 |  8.9
Earth Magic    | 3 4 5 6 8 9 11 12 | 12.6
Conjurations   | 1 2 4 6 8 9 11 12 13 | 13.2
Spellcasting   | 3 4 5 6 7 8 9 |  9.0
Stealth        | |  1.7
Transmutations | |  0.8

Action                     |  1- 3 |  4- 6 |  7- 9 | 10-12 | 13-15 || total
---------------------------+-------+-------+-------+-------+-------++-------
  Melee: Spear             |    10 |       |       |       |       ||    10
         Staff             |       |    58 |    26 |    16 |     3 ||   103
         Punch             |       |     1 |     1 |     1 |       ||     3
         Tailslap          |       |       |       |     6 |       ||     6
   Cast: Sandblast         |    54 |   126 |   127 |   211 |    13 ||   531
         Stone Arrow       |       |       |    40 |   195 |    52 ||   287
  Evoke: Wand              |       |       |       |     1 |       ||     1
    Use: Potion            |     1 |     4 |     4 |     4 |     3 ||    16
         Scroll            |       |       |     5 |    12 |     6 ||    23
   Stab: Distracted        |     1 |       |       |       |       ||     1
 Armour: Robe              |     7 |    39 |    20 |    51 |     3 ||   120
         Skin              |       |   129 |    11 |       |       ||   140
  Dodge: Dodged            |    22 |    94 |    77 |   138 |    23 ||   354
